 Dungeon Crawl Stone Soup version 0.31.0-11-ge490571c62 (webtiles) character file.

Game seed: 8067063328389362831

80642 browni3141 the Thaumaturge (level 15, -9/113 HPs)
             Began as a Mummy Alchemist on Jan 26, 2024.
             Was a High Priest of Ashenzari.
             Killed from afar by a fire giant (41 damage)
             ... with a fireball
             ... on level 2 of the Depths on Jan 27, 2024.
             The game lasted 01:19:26 (29409 turns).

browni3141 the Thaumaturge (Mummy Alchemist)       Turns: 29409, Time: 01:19:26

Health: -9/113     AC: 14    Str: 12    XL:     15   Next: 24%
Magic:  4/42       EV: 17    Int: 24    God:    Ashenzari [*****.]
Gold:   862        SH: 13    Dex: 18    Spells: 14/42 levels left

rFire   . . .        z - +7 rapier of the Ensconced Gloom {pain, rPois, Elem, Melee} (curse)
rCold   + . .        N - +0 kite shield of Curses and Power {Dev, Self} (curse)
rNeg    + + +        G - +0 acid dragon scales "Yoke of the All-Knowing" {rCorr, Fort, Bglg} (curse)
rPois   ∞            X - +0 helmet "Gaze Upon Infinity" {Dev, Sorc} (curse)
rElec   .            m - +0 cloak of the Gate {Int+3 Dex+5}
rCorr   +            B - +0 pair of gloves of Ashenzari's Repose {Elem, Fort} (curse)
SInv    +            d - +0 pair of boots "Shackled Secrets" {Sorc, Self} (curse)
Will    +....        t - amulet "Cursed Rationality" {Regen+, Sorc, Elem} (curse)
Stlth   ++++         Q - ring "Cosmic Scepticism" {MP+9, Dev, Cun} (curse)
HPRegen 1.18/turn    O - ring "Urgency of Ashenzari" {rF+, Sorc, Fort} (curse)
MPRegen 0.28/turn

%: clarity, faith
@: no status effects
A: cold resistance 1, negative energy resistance 3, torment resistance 2, heat
vulnerability 1, in touch with death 2, no potions, faith
a: Renounce Religion, Shatter the Chains


You were on level 2 of the Depths.
You worshipped Ashenzari.
Ashenzari was extremely pleased with you.
You visited 4 branches of the dungeon, and saw 20 of its levels.
You also visited: Sewer.

You collected 1961 gold pieces.
You spent 1099 gold pieces at shops.

Inventory:

Hand Weapons
 b - a +0 arbalest
 z - the cursed +7 rapier of the Ensconced Gloom (weapon) {pain, rPois, Elem, Melee}
   (You found it on level 9 of the Dungeon)

   rPois:     It protects you from poison It has a curse which improves the
   following skills: Elements: Fire Magic, Ice Magic, Air Magic and Earth Magic.
   Melee Combat: Short Blades, Long Blades, Axes, Maces & Flails, Polearms,
   Staves and Unarmed Combat.
 R - a +1 whip of flaming
Missiles
 J - 56 poisoned darts
 T - 24 boomerangs
 Y - 2 curare-tipped darts
 Z - a throwing net
Armour
 d - the cursed +0 pair of boots "Shackled Secrets" (worn) {Sorc, Self}
   (You found it on level 1 of the Dungeon)

   It has a curse which improves the following skills: Sorcery: Conjurations and
   Alchemy.
   Introspection: Fighting and Spellcasting.
 j - a +0 robe
 m - the +0 cloak of the Gate (worn) {Int+3 Dex+5}
   (You bought it in a shop on level 1 of the Depths)

   Int+3:     It affects your intelligence (+3).
   Dex+5:     It affects your dexterity (+5).
 u - a +2 pair of boots
 w - a +0 helmet
 A - a +0 pair of boots
 B - the cursed +0 pair of gloves of Ashenzari's Repose (worn) {Elem, Fort}
   (You found it on level 7 of the Dungeon)

   It has a curse which improves the following skills: Elements: Fire Magic, Ice
   Magic, Air Magic and Earth Magic.
   Fortitude: Armour and Shields.
 F - a +0 helmet
 G - the cursed +0 acid dragon scales "Yoke of the All-Knowing" (worn) {rCorr, Fort, Bglg}
   (You took it off Maggie on level 6 of the Dungeon)

   rCorr:     It protects you from acid and corrosion.
   It has a curse which improves the following skills: Fortitude: Armour and
   Shields.
   Beguiling: Hexes and Translocations.
 H - a +0 pair of boots
 L - a +0 pair of gloves
 M - a +0 leather armour
 N - the cursed +0 kite shield of Curses and Power (worn) {Dev, Self}
   (You took it off an orc on level 3 of the Dungeon)

   It has a curse which improves the following skills: Devices: Evocations.
   Introspection: Fighting and Spellcasting.
 X - the cursed +0 helmet "Gaze Upon Infinity" (worn) {Dev, Sorc}
   (You found it on level 6 of the Dungeon)

   It has a curse which improves the following skills: Devices: Evocations.
   Sorcery:   Conjurations and Alchemy.
Jewellery
 o - a +6 ring of dexterity
 r - a ring of fire
 t - the cursed amulet "Cursed Rationality" (around neck) {Regen+, Sorc, Elem}
   (You bought it in a shop on level 2 of the Orcish Mines)

   [amulet of regeneration]

   Regen+:    It increases your rate of health regeneration.
   It has a curse which improves the following skills: Sorcery: Conjurations and
   Alchemy.
   Elements:  Fire Magic, Ice Magic, Air Magic and Earth Magic.
 v - a ring of magical power
 C - a ring of ice
 O - the cursed ring "Urgency of Ashenzari" (right hand) {rF+, Sorc, Fort}
   (You found it on level 4 of the Dungeon)

   [ring of protection from fire]

   rF+:       It protects you from fire.
   It has a curse which improves the following skills: Sorcery: Conjurations and
   Alchemy.
   Fortitude: Armour and Shields.
 Q - the cursed ring "Cosmic Scepticism" (left hand) {MP+9, Dev, Cun}
   (You found it on level 4 of the Dungeon)

   [ring of magical power]

   MP+9:      It affects your magic capacity (+9).
   It has a curse which improves the following skills: Devices: Evocations.
   Cunning:   Dodging and Stealth.
Wands
 p - a wand of polymorph (31)
 q - a wand of mindburst (6)
 I - a wand of iceblast (3)
 V - a wand of flame (25)
 W - a wand of charming (9)
Scrolls
 f - 2 scrolls of noise
 h - 4 scrolls of revelation
 i - a scroll of silence
 k - 4 scrolls of fear
 l - 2 scrolls of vulnerability
 n - 2 scrolls of enchant weapon
 s - a scroll of immolation
 D - a scroll of blinking
 E - 3 scrolls of poison
 K - 4 scrolls of amnesia
 P - a scroll of torment
 S - a scroll of acquirement
 U - 7 scrolls of teleportation
Miscellaneous
 x - a condenser vane (inert)
 y - a phial of floods (inert)


   Skills:
 - Level 6.1(9.3) Fighting
 * Level 6.9(9.1) Short Blades
 - Level 4.8(6.9) Maces & Flails
 - Level 6.7(10.9) Armour
 * Level 9.1(11.3) Dodging
 - Level 5.9(8.0) Stealth
 - Level 8.8(13.0) Shields
 * Level 11.3(14.4) Spellcasting
 - Level 4.3(8.8) Conjurations
 - Level 3.0 Summonings
 - Level 3.0 Necromancy
 - Level 3.1(5.0) Translocations
 - Level 4.3(8.1) Fire Magic
 + Level 5.5(9.5) Ice Magic
 - Level 2.0(5.0) Air Magic
 * Level 7.7(12.7) Alchemy
 - Level 2.0(5.0) Evocations


You had 14 spell levels left.
You knew the following spells:

 Your Spells              Type           Power      Damage    Failure   Level
a - Sting                 Conj/Alch      100%       1d9       1%          1
b - Mercury Vapours       Alch/Air       100%       N/A       1%          2
c - Olgreb's Toxic Radia  Alch           68%        N/A       1%          4
d - Sticky Flame          Fire/Alch      61%        2d10      1%          4
e - Summon Ice Beast      Ice/Summ       47%        N/A       2%          3
f - Sculpt Simulacrum     Ice/Alch       31%        N/A       16%         6
h - Hailstorm             Conj/Ice       57%        3d11      1%          3
m - Mephitic Cloud        Conj/Alch/Air  56%        N/A       1%          3
B - Blink                 Tloc           82%        N/A       1%          2

Your spell library contained the following spells:

 Spells                   Type           Power      Damage    Failure   Level
 Magic Dart               Conj           100%       1d8       1%          1
 Searing Ray              Conj           100%       2d8       1%          2
 Frozen Ramparts          Ice            100%       1d16      1%          3
 Fulminant Prism          Conj/Alch      31%        3d15      1%          4
 Call Imp                 Summ           62%        N/A       4%          2
 Iskenderun's Mystic Bla  Conj/Tloc      50%        2d11      6%          4
 Leda's Liquefaction      Alch/Erth      24%        N/A       6%          4
 Petrify                  Alch/Erth      49%        N/A       6%          4
 Tukima's Dance           Hex            18%        N/A       26%         3
 Dimensional Bullseye     Hex/Tloc       15%        N/A       32%         4
 Metabolic Englaciation   Hex/Ice        20%        N/A       36%         5
 Summon Mana Viper        Hex/Summ       25%        N/A       80%         5
 Malign Gateway           Summ/Tloc      18%        N/A       100%        7
 Monstrous Menagerie      Summ           15%        N/A       100%        7
 Summon Horrible Things   Summ           15%        N/A       100%        8


Dungeon Overview and Level Annotations

Branches:
Dungeon (15/15)            Temple (1/1) D:4            Lair (0/5) D:11
    Orc (2/2) D:9             Elf (0/3) Orc:2        Vaults (0/5) D:14
 Depths (2/4) D:15          Sewer (visited)

Altars:
Ashenzari
Cheibriados
Dithmenos
Fedhas
Gozag
Hepliaklqana
Kikubaaqudgha
Makhleb
Nemelex Xobeh
Okawaru
Qazlal
Ru
Sif Muna
Trog
Uskayaw
Vehumet
Wu Jian
Xom
Yredelemnul

Shops:
D:6 !   D:9 *   D:10 (   Orc:2 =![*   Depths:1 [   Depths:2 :

Portals:
Hell: Depths:1
Pandemonium: Depths:1

Annotations:
D:4 3 runed translucent doors, zenocrate's ghost, amateur KoEn
D:12 1 runed translucent door, exclusion: door, Nissa's ghost, journeyman MiFi
Orc:1 1 transporter


Innate Abilities, Weirdness & Mutations

You are immune to poison.
Your flesh is cold resistant. (rC+)
You are immune to negative energy. (rN+++)
You are immune to unholy pain and torment.
You are vulnerable to heat. (rF-)
You are strongly in touch with the powers of death.
You do not drink.
You have a special connection with the divine. (Faith)


Message History

Confirm with . or Enter, or press ? or * to list all spells.
Aiming: Mephitic Cloud (safe; 1% risk of failure)
Press: ? - help, Shift-Dir - straight line, f/p - radroach
Aim: a radroach shaped shifter (severely wounded, covered in liquid flames, poisoned, chance to affect: 43%)
The ball explodes into a vile cloud!
The stinking cloud engulfs the radroach.
The radroach is severely wounded.
The stinking cloud engulfs the fire giant.
The fire giant is lightly wounded.
The stinking cloud engulfs you.
The fire giant looks as sick as possible!
The radroach looks even sicker.
You hear a shout! x2; You hear a deafening roar!
You hear a shout!
The radroach burns!
The fire giant is engulfed in noxious fumes.
The radroach is engulfed in noxious fumes.
The radroach bites you. The radroach closely misses you.
Casting: Mephitic Cloud (safe; 1% risk of failure)
Confirm with . or Enter, or press ? or * to list all spells.
Aiming: Mercury Vapours (safe; 1% risk of failure)
Press: ? - help, Dir - move target, f/p - radroach
Aim: a radroach shaped shifter (noxious fumes, severely wounded, covered in liquid flames, very poisoned, chance to weaken: 41%) Fumes of mercury billow around the radroach!
The radroach looks as sick as possible!
The fire giant looks as sick as possible!
Your toxic aura wanes.
The radroach burns!
You kill the radroach!
The fire giant is engulfed in noxious fumes.
Casting: Mercury Vapours (safe; 1% risk of failure)
Confirm with . or Enter, or press ? or * to list all spells.
A chill wind blows around you.
The fire giant is engulfed in noxious fumes.
The fire giant misses you.
The fire giant is engulfed in noxious fumes.
The fire giant is engulfed in noxious fumes.
The fire giant points at you and mumbles some strange words.
The bolt of fire misses your ice beast. The bolt of fire hits you!
Your ice beast hits the fire giant.
Your ice beast freezes the fire giant!
Your magical contamination has completely faded away.
The fire giant is engulfed in noxious fumes.
The fire giant hits your ice beast with a +1 great sword of flaming!
The fire giant melts your ice beast!
Your ice beast barely misses the fire giant.
There is a stone staircase leading up here.
The fire giant is engulfed in noxious fumes.
The fire giant points at you and mumbles some strange words.
The bolt of fire hits you!!!
Your ice beast hits the fire giant but does no damage.
The fire giant is engulfed in noxious fumes.
The fire giant hits your ice beast with a +1 great sword of flaming!!
The fire giant melts your ice beast.
Your ice beast dies!
Your ice beast disappears in a puff of smoke!
Casting: Summon Ice Beast (mildly dangerous; 2% risk of failure)
Confirm with . or Enter, or press ? or * to list all spells.
A chill wind blows around you.
The fire giant is engulfed in noxious fumes.
The fire giant hits your ice beast with a +1 great sword of flaming!!
The fire giant melts your ice beast!!
Your ice beast dies!
Your ice beast disappears in a puff of smoke!
Casting: Summon Ice Beast (mildly dangerous; 2% risk of failure)
Confirm with . or Enter, or press ? or * to list all spells.
A chill wind blows around you.
The fire giant is engulfed in noxious fumes.
Casting: Summon Ice Beast (mildly dangerous; 2% risk of failure)
Confirm with . or Enter, or press ? or * to list all spells.
Casting: Hailstorm (safe; 1% risk of failure)
Press: ? - help, Dir - look around, f - activate
Okay, then.
The fire giant hits your ice beast with a +1 great sword of flaming!
The fire giant melts your ice beast!
Your ice beast hits the fire giant but does no damage.
There is a stone staircase leading up here.
Casting: Hailstorm (safe; 1% risk of failure)
Confirm with . or Enter, or press ? or * to list all spells.
Casting: Hailstorm (safe; 1% risk of failure)
Press: ? - help, Dir - look around, f - activate A cannonade of hail descends around you!
The hail pelts the fire giant!
The fire giant is severely wounded.
The fire giant points at you and mumbles some strange words.
The fireball explodes!
The fireball engulfs your ice beast!!!!
Your ice beast melts!
Your ice beast dies!
Your ice beast disappears in a puff of smoke!
The fireball engulfs the fire giant.
The fire giant resists.
The fireball engulfs you!!!
* * * LOW HITPOINT WARNING * * *
You hear a shout! x3; You hear a deafening roar!
Casting: Hailstorm (safe; 1% risk of failure)
Confirm with . or Enter, or press ? or * to list all spells.
Casting: Hailstorm (safe; 1% risk of failure)
Press: ? - help, Dir - look around, f - activate A cannonade of hail descends around you!
The hail misses the fire giant.
The fire giant gestures at you while chanting.
The fireball explodes!
The fireball engulfs you!!!
You die...

,*****#....####
,,,,**##......#
,,,,,**###..###
,,,,,∩* #.##
,,,,{** #†#**#
,,,,**####.#*)#
,,***##..C.#.#*
,,* #...§...#
,{* ####@..##
,,** *#.###
,{,*****.##
,,,,,*,.#*
,,,,,,..*
,,,,,..∆*
*,,,...**
*,,...,*
,,,,,,*


You could see a fire giant (very poisoned).

Vanquished Creatures
  A lich (Depths:1)
  A sphinx (Depths:1)
  Frances (D:14)
  A fire giant (Depths:1)
  2 frost giants (Depths:1)
  An orc warlord (Orc:2)
  A cacodemon (Depths:1)
  3 stone giants
  A vampire knight (Depths:1)
  Fannar (D:12)
  2 fire dragons (Depths:1)
  An ice dragon (Depths:1)
  4 hydras (Depths:1)
  A hell beast (Depths:1)
  2 centaur warriors (D:13)
  A radroach (shapeshifter) (Depths:2)
  3 death yaks (D:11)
  A deep troll earth mage (Depths:1)
  6 two-headed ogres
  4 tengu warriors (D:15)
  4 orc high priests (Orc:2)
  2 soul eaters (Depths:1)
  4 hell knights (Depths:1)
  An iron troll (Depths:1)
  A skeletal warrior (D:6)
  4 deep trolls (Depths:1)
  A glowing orange brain (Depths:1)
  An arcanist (D:14)
  2 necromancers
  A harpy (Depths:1)
  Pikel (D:4)
  9 orc knights
  6 ugly things
  7 orc sorcerers
  3 cyclopes
  5 manticores
  3 meliai (D:14)
  7 kobold blastminers
  2 gargoyles
  Maggie (D:6)
  An unseen horror (D:10)
  A freezing wraith (D:15)
  Jeremiah (D:7)
  Psyche (D:8)
  5 trolls
  A hornet (D:11)
  Grinder (D:6)
  5 slime creatures
  A centaur simulacrum (D:15)
  A wyvern (D:11)
  4 wargs
  10 yaks
  3 wraiths (D:7)
  3 steam dragons
  A basilisk (Depths:1)
  5 vampire mosquitoes
  Menkaure (D:4)
  An acid dragon (D:14)
  4 hell hounds (Depths:1)
  2 water moccasins (D:7)
  Duvessa (D:7)
  4 ice beasts
  2 black bears
  43 orc warriors
  A sky beast (D:7)
  11 ogres
  5 boggarts (D:15)
  3 centaurs
  3 lemures (D:4)
  8 kobold brigands
  2 phantoms
  6 bullfrogs
  3 scorpions
  15 wights
  Dowan (D:7)
  10 killer bees
  5 howler monkeys
  4 hounds
  2 jellies
  31 orc priests
  2 gnoll boudas
  4 iguanas
  A sleepcap (D:6)
  19 orc wizards
  A hell rat (Depths:1)
  A mummy (D:6)
  10 adders
  9 gnolls
  4 river rats
  5 shadow imps
  4 white imps
  A dart slug (D:3)
  9 ribbon worms
  92 orcs
  8 ball pythons
  9 endoplasms
  2 giant cockroaches
  10 goblins
  7 hobgoblins
  3 jackals (D:3)
  20 kobolds
  6 quokkas
  5 bats
  3 frilled lizards
  A kobold zombie (D:6)
  3 orc zombies (D:6)
  9 rats
563 creatures vanquished.

Vanquished Creatures (collateral kills)
  A sphinx (Depths:1)
  A fire dragon (Depths:1)
  A hydra (Depths:1)
  2 two-headed ogres
  2 hell knights (Depths:1)
  2 harpies (Depths:1)
  8 slime creatures
  5 wraiths
  3 yaks (D:10)
  3 vampire mosquitoes
  A wight (D:8)
  A quasit (D:7)
  A jelly (D:7)
31 creatures vanquished.

Vanquished Creatures (others)
  A fire dragon (Depths:1)
  An ettin (Depths:1)
  A hell knight (Depths:1)
  A harpy (Depths:1)
4 creatures vanquished.

Grand Total: 598 creatures vanquished

Notes
Turn   | Place    | Note
-------+----------+-------------------------------------------
     0 | D:1      | browni3141 the Mummy Alchemist began the quest for the Orb.
     0 | D:1      | Reached XP level 1. HP: 13/13 MP: 4/4
   238 | D:1      | Reached XP level 2. HP: 19/19 MP: 3/5
   308 | D:1      | Found a faded altar of an unknown god.
   467 | D:1      | Reached skill level 3 in Spellcasting
  1188 | D:2      | Reached XP level 3. HP: 21/24 MP: 3/7
  1332 | D:2      | You fall into a shaft and drop 1 floor!
  1614 | D:3      | Learned a level 2 spell: Mercury Vapours
  1618 | D:3      | Learned a level 3 spell: Mephitic Cloud
  2181 | D:3      | Reached XP level 4. HP: 22/31 MP: 9/9
  2274 | D:3      | Found a broken altar of Ashenzari.
  2295 | D:3      | Became a worshipper of Ashenzari the Shackled
  2531 | D:3      | Found a hazy altar of Hepliaklqana.
  2532 | D:3      | Found a faded altar of an unknown god.
  2769 | D:4      | Noticed a phantom
  2815 | D:4      | Reached skill level 3 in Alchemy
  2855 | D:4      | Found a runed translucent gate.
  2858 | D:4      | Found a runed translucent gate.
  2858 | D:4      | Found a runed translucent gate.
  2858 | D:4      | Found an opulent altar of Gozag.
  2860 | D:4      | Noticed zenocrate's ghost (amateur KoEn)
  2861 | D:4      | Noticed an ogre
  2862 | D:4      | an ogre changed into an ice beast
  2862 | D:4      | Noticed an ice beast
  2874 | D:4      | Killed an ice beast
  2875 | D:4      | Reached skill level 4 in Spellcasting
  2875 | D:4      | Reached XP level 5. HP: 28/37 MP: 8/11
  2989 | D:4      | Reached XP level 6. HP: 37/43 MP: 8/12
  3458 | D:4      | Found an iron altar of Okawaru.
  3824 | D:4      | HP: 2/43 [lemure[Pikel] (4)]
  3993 | D:3      | Reached XP level 7. HP: 35/48 MP: 14/14
  4120 | D:4      | Noticed Menkaure
  4160 | D:4      | Killed Menkaure
  4161 | D:4      | Reached skill level 3 in Maces & Flails
  4336 | D:4      | Found a staircase to the Ecumenical Temple.
  4370 | D:4      | Noticed Pikel
  4425 | D:4      | Killed Pikel
  4426 | D:4      | Reached XP level 8. HP: 42/54 MP: 1/15
  4713 | Temple   | Entered the Ecumenical Temple
  4775 | D:5      | Entered Level 5 of the Dungeon
  5024 | D:5      | Reached skill level 6 in Alchemy
  5181 | D:5      | Reached * piety under Ashenzari
  5238 | D:5      | Reached skill level 5 in Spellcasting
  5790 | D:5      | Reached ** piety under Ashenzari
  6198 | D:6      | Found Xudwyte's Distillery.
  6234 | D:6      | Noticed Grinder
  6253 | D:6      | Reached skill level 3 in Conjurations
  6271 | D:6      | Killed Grinder
  6272 | D:6      | Reached skill level 3 in Fighting
  6272 | D:6      | Reached XP level 9. HP: 41/66 MP: 6/18
  6546 | D:6      | Found a glowing drain.
  6550 | Sewer    | Entered a sewer
  6651 | Sewer    | Learned a level 4 spell: Olgreb's Toxic Radiance
  6656 | Sewer    | Learned a level 4 spell: Sticky Flame
  7592 | D:6      | Noticed Maggie
  7633 | D:6      | Killed Maggie
  7634 | D:6      | Reached skill level 3 in Fire Magic
  7820 | D:6      | Reached *** piety under Ashenzari
  8481 | D:7      | Noticed Duvessa
  8483 | D:7      | Noticed Dowan
  8487 | D:7      | Killed Duvessa
  8488 | D:7      | Reached skill level 3 in Armour
  8488 | D:7      | Killed Dowan
  8614 | D:7      | Noticed a skeletal warrior
  8614 | D:7      | Found the +5 scythe "Finisher" {speed, execute}
  8711 | D:8      | Noticed Psyche
  8716 | D:8      | Killed Psyche
  8725 | D:8      | Found a hide-covered altar of Uskayaw.
  8727 | D:8      | Reached XP level 10. HP: 58/74 MP: 9/21
  9122 | D:8      | Reached skill level 6 in Spellcasting
  9329 | D:8      | Reached **** piety under Ashenzari
  9341 | D:8      | Noticed a gargoyle
  9467 | D:8      | Learned a level 3 spell: Hailstorm
  9471 | D:8      | Learned a level 3 spell: Summon Ice Beast
  9606 | D:8      | Killed a gargoyle
  9607 | D:8      | Reached skill level 7 in Spellcasting
 10539 | D:6      | Killed a skeletal warrior
 10540 | D:6      | Reached skill level 8 in Spellcasting
 10714 | D:6      | Learned a level 6 spell: Sculpt Simulacrum
 10768 | D:7      | Noticed Jeremiah
 10777 | D:7      | Killed Jeremiah
 10778 | D:7      | Reached skill level 3 in Ice Magic
 11606 | D:9      | Found a staircase to the Orcish Mines.
 11834 | D:9      | Reached XP level 11. HP: 83/84 MP: 25/25
 11985 | D:9      | Found Rudoyjes's General Store.
 11999 | D:9      | Bought a scroll of poison for 56 gold pieces
 12103 | D:9      | Found a basalt altar of Yredelemnul.
 12125 | D:9      | Identified the +7 rapier of Wu Jian's Grace {pain, rPois}
 12140 | D:9      | Reached ***** piety under Ashenzari
 12509 | D:9      | Found an ornate altar of the Wu Jian Council.
 12592 | D:9      | Found a shadowy altar of Dithmenos.
 12673 | D:10     | Entered Level 10 of the Dungeon
 12680 | D:10     | Found a bloodstained altar of Trog.
 12722 | D:10     | Found Uluafy's Antique Weapon Shop.
 12772 | D:10     | Noticed a two-headed ogre
 12789 | D:10     | Killed a two-headed ogre
 12790 | D:10     | Reached skill level 6 in Fighting
 12819 | D:10     | Reached skill level 3 in Necromancy
 13086 | D:10     | Found a blossoming altar of Fedhas.
 13433 | D:10     | Reached skill level 3 in Summonings
 13979 | D:11     | Reached skill level 9 in Spellcasting
 14053 | D:11     | Noticed a death yak
 14062 | D:11     | Noticed a death yak
 14062 | D:11     | Noticed a death yak
 14064 | D:11     | Killed a death yak
 14073 | D:11     | Killed a death yak
 14074 | D:11     | Reached skill level 3 in Shields
 14074 | D:11     | Killed a death yak
 14080 | D:11     | Found a staircase to the Lair.
 14361 | D:11     | Noticed a two-headed ogre
 14371 | D:11     | Killed a two-headed ogre
 15008 | D:12     | Found a runed translucent door.
 15010 | D:12     | Noticed Nissa's ghost (journeyman MiFi)
 15027 | D:12     | Noticed a white ugly thing
 15035 | D:12     | Killed a red ugly thing
 15036 | D:12     | Reached XP level 12. HP: 33/95 MP: 15/28
 15597 | D:12     | Reached skill level 6 in Shields
 15753 | D:12     | Noticed Fannar
 15766 | D:12     | Killed Fannar
 16573 | D:12     | Identified the +6 spear "Myow" {flame, rPois Dex+5}
 16889 | D:13     | Noticed a centaur warrior
 16901 | D:13     | Killed a centaur warrior
 17043 | D:13     | Noticed a two-headed ogre
 17049 | D:13     | Killed a two-headed ogre
 17336 | D:13     | Noticed a centaur warrior
 17350 | D:13     | Killed a centaur warrior
 17577 | D:13     | Reached skill level 3 in Stealth
 17811 | Orc:1    | Entered Level 1 of the Orcish Mines
 18335 | Orc:1    | Found a transporter.
 18339 | Orc:1    | Noticed a two-headed ogre
 18339 | Orc:1    | Noticed a two-headed ogre
 18344 | Orc:1    | Noticed an orc high priest
 18396 | Orc:1    | Noticed a stone giant
 18396 | Orc:1    | Noticed an orc high priest
 19138 | Orc:2    | Entered Level 2 of the Orcish Mines
 19138 | Orc:2    | Noticed a two-headed ogre
 19143 | Orc:2    | Killed a two-headed ogre
 19241 | Orc:2    | Gained mutation: You are strongly in touch with the powers
                  | of death. [Mummy growth]
 19241 | Orc:2    | Reached XP level 13. HP: 96/101 MP: 21/29
 19415 | Orc:2    | Reached skill level 3 in Dodging
 19736 | Orc:2    | Found Jateca's Jewellery Emporium.
 20143 | Orc:2    | Found Tuqiul's Distillery.
 20268 | Orc:2    | Reached skill level 6 in Dodging
 21027 | Orc:2    | Identified a scroll of acquirement
 21345 | Orc:2    | Found a staircase to the Elven Halls.
 21424 | Orc:2    | Reached skill level 3 in Short Blades
 21630 | Orc:2    | Found Uvvoevec's Armour Shop.
 21642 | Orc:2    | Reached skill level 6 in Armour
 21753 | Orc:2    | Noticed an orc warlord
 21791 | Orc:2    | Killed an orc warlord
 22258 | Orc:2    | Found Necaen's General Store.
 22754 | Orc:2    | Bought a +2 pair of boots for 280 gold pieces
 22810 | Orc:2    | Bought an amulet of regeneration for 450 gold pieces
 23372 | D:14     | Noticed Frances
 23384 | D:14     | Killed Frances
 23385 | D:14     | Reached XP level 14. HP: 88/108 MP: 21/30
 23717 | D:14     | Found a gate to the Vaults.
 24008 | D:15     | Entered Level 15 of the Dungeon
 24081 | D:15     | Reached ****** piety under Ashenzari
 24161 | D:15     | Identified the +9 trident of the Ageing Stoat {antimagic,
                  | ^Contam rPois Will+}
 25167 | D:15     | Found a staircase to the Depths.
 25167 | D:15     | Noticed a stone giant
 25174 | D:15     | Killed a stone giant
 25363 | Depths:1 | Entered Level 1 of the Depths
 25488 | Depths:1 | Noticed a stone giant
 25497 | Depths:1 | Killed a stone giant
 25597 | Depths:1 | Learned a level 2 spell: Blink
 25603 | Depths:1 | Noticed a frost giant
 25626 | Depths:1 | Noticed a frost giant
 25801 | Depths:1 | Killed a frost giant
 25931 | Depths:1 | Found a gateway to Hell.
 26192 | Depths:1 | Reached skill level 10 in Spellcasting
 26857 | Depths:1 | Noticed a lich
 27082 | Depths:1 | Killed a frost giant
 27083 | Depths:1 | Reached skill level 6 in Short Blades
 27156 | Depths:1 | Noticed a fire giant
 27179 | Depths:1 | Noticed a cacodemon
 27219 | Depths:1 | Killed a cacodemon
 27446 | Depths:1 | Killed a fire giant
 27506 | Depths:1 | Found Joun's Antique Armour Boutique.
 27516 | Depths:1 | Bought a blackened cloak for 313 gold pieces
 27516 | Depths:1 | Identified the +0 cloak of the Gate {Int+3 Dex+5} (You
                  | bought it in a shop on level 1 of the Depths)
 27563 | Depths:1 | Found a one-way gate leading to the halls of Pandemonium.
 27692 | Depths:1 | Noticed a vampire knight
 27698 | Depths:1 | Paralysed by a vampire knight for 3 turns
 27700 | Depths:1 | Killed a vampire knight
 27825 | Depths:1 | Noticed a stone giant
 27899 | Depths:1 | Killed a stone giant
 28111 | Depths:1 | Reached skill level 3 in Translocations
 28242 | Depths:1 | Killed a lich
 28342 | Depths:1 | Reached XP level 15. HP: 113/113 MP: 33/33
 28654 | Depths:1 | Noticed a sphinx
 28654 | Depths:1 | Noticed a sphinx
 28696 | Depths:1 | Killed a sphinx
 28697 | Depths:1 | Reached skill level 11 in Spellcasting
 28776 | Depths:1 | Reached skill level 9 in Dodging
 28778 | Depths:1 | Killed a sphinx
 29312 | Depths:2 | Found Fimunuw's Book Emporium.
 29316 | Depths:2 | Noticed a fire giant
 29388 | Depths:2 | Noticed a fire giant
 29409 | Depths:2 | Killed from afar by a fire giant

Illustrated notes

Levels and vault maps discovered:
D:1:      evilmike_arrival_crescent, layout_basic, ebering_ecumenical_altar_box
D:2:      layout_rooms, basic_altar, minmay_tiny_reverse_x
D:3:      layout_loops_ring, lemuel_crystal_altar,
          beargit_hepliaklqana_dungeon_heroes, hangedman_decor_clover_reticule
D:4:      layout_basic, okawaru_altar_gauntlet_db, temple_fountains,
          ebering_ghost_gozag, uniq_pikel, uniq_menkaure
D:5:      layout_gridville
D:6:      layout_rooms, serial_shops, kennysheep_mini_moat,
          gup_sewer_entry_bowl, minmay_mini_ossuary, uniq_grinder, uniq_maggie
D:7:      layout_basic, serial_demonic, serial_demonic_e, serial_demonic_e,
          serial_demonic_f, serial_demonic_b, minmay_guarded_unrand_finisher,
          uniq_duvessa, uniq_jeremiah
D:8:      layout_cave_pools, mainiacjoe_overflow_concentric_impassable,
          uniq_psyche
D:9:      layout_basic, lemuel_coloured_pillars_altar,
          mainiacjoe_overflow_brackets, mainiacjoe_overflow_boulevard,
          orc_0_dummy, serial_shops, shop
D:10:     cheibrodos_steamvent, layout_small_grid,
          mainiacjoe_overflow_large_starburst,
          mainiacjoe_overflow_six_doors_small, serial_shops, shop
D:11:     layout_irregular_city, dpeg_lair_monsters
D:12:     layout_roguey, ebering_ghost_funeral_grove, uniq_lodul, uniq_fannar
D:13:     layout_irregular_city
D:14:     layout_cave_pools, david_vaults_1,
          hangedman_abyss_or_decor_lesser_grid, uniq_frances
D:15:     grunt_enter_depths_snipers, layout_irregular_city,
          hangedman_abyss_or_decor_stagger
Temple:   hellmonk_temple_flake
Orc:1:    gammafunk_beogh_shrine, layout_caves
Orc:2:    pubby_orc_utopia
Depths:1: layout_roguey, rand_demon_pan_entry_5, special_room
          [special_room_mythical_zoo], serial_shops, nicolae_shop_peninsula,
          hell_entry, elyvilon_altar_5
Depths:2: hangedman_arrow_trap, layout_cave_shapes, enter_ziggurat_c,
          serial_bayou_shore_b, abyss_entry_crystal, serial_shops,
          nicolae_stop_n_shop_1, pf_hell_entry_tar_river,
          grunt_pan_entry_spiral, uniq_bai_suzhen

Skill      XL: |  1  2  3  4  5  6  7  8  9 10 11 12 13 14 15 |
---------------+----------------------------------------------+-----
Conjurations   | 1 2 3 4 |  4.3
Spellcasting   | 3 4 5 8 9 10 11 | 11.3
Stealth        | 2 5 |  5.9
Dodging        | 2 7 8 9 |  9.1
Fighting       | 1 3 4 5 6 |  6.1
Alchemy        | 3 5 6 7 |  7.7
Evocations     | 2 |  2.0
Air Magic      | 1 2 |  2.0
Maces & Flails | 2 3 4 |  4.8
Fire Magic     | 4 |  4.3
Armour         | 4 5 6 |  6.7
Summonings     | 2 3 |  3.0
Ice Magic      | 4 5 |  5.5
Necromancy     | 3 |  3.0
Short Blades   | 2 4 6 |  6.9
Shields        | 5 8 |  8.8
Translocations | 3 |  3.1

Action                     |  1- 3 |  4- 6 |  7- 9 | 10-12 | 13-15 || total
---------------------------+-------+-------+-------+-------+-------++-------
  Melee: Unarmed           |     6 |       |       |       |       ||     6
         Whip              |    27 |    62 |   225 |    74 |       ||   388
         Punch             |       |     1 |     2 |     2 |       ||     5
         Rapier            |       |       |       |   188 |   238 ||   426
   Fire: Arbalest          |     4 |     4 |       |       |       ||     8
   Cast: Sting             |    80 |    44 |   235 |    41 |       ||   400
         Mephitic Cloud    |       |     1 |     8 |    12 |     9 ||    30
         Mercury Vapours   |       |       |     2 |     4 |     3 ||     9
         Olgreb's Toxic Ra |       |       |    11 |    88 |   214 ||   313
         Sticky Flame      |       |       |     5 |    52 |    89 ||   146
         Hailstorm         |       |       |       |    54 |    25 ||    79
         Summon Ice Beast  |       |       |       |    48 |    54 ||   102
         Blink             |       |       |       |       |     1 ||     1
 Invoke: Curse Item        |       |     1 |     4 |     5 |     2 ||    12
         Shatter the Chain |       |       |       |     2 |     1 ||     3
  Evoke: Wand              |       |     1 |     1 |       |    20 ||    22
         Phial of floods   |       |       |       |       |     2 ||     2
         Condenser vane    |       |       |       |       |     1 ||     1
    Use: Scroll            |       |     5 |     1 |     1 |       ||     7
   Stab: Sleeping          |       |       |     1 |     4 |     7 ||    12
         Confused          |       |       |     1 |     5 |     1 ||     7
         Distracted        |       |       |       |     1 |     1 ||     2
 Armour: Robe              |    45 |    10 |   160 |   233 |       ||   448
         Leather armour    |       |    79 |    13 |       |       ||    92
         Acid dragon scale |       |       |       |     2 |   240 ||   242
  Dodge: Dodged            |    31 |    55 |   182 |   156 |   152 ||   576
  Block: Kite shield       |       |       |       |    71 |   219 ||   290
